[Event "Titled Tuesday Blitz June 20 Early 2023"]
[White "Vargas Rodriguez, Wilver"]
[Black "Better_Chess_Faster"]
[WhiteFideId "3509672"]
[WhiteElo "2245"]
[BlackElo "2019"]
[Result "1-0"]
[Round "8"]
[TimeControl "180+2"]
[Date "2023.06.20"]
[WhiteClock "0:00:17"]
[BlackClock "0:00:02"]
[Board "168"]

1. Nf3 d5 2. c4 d4 3. b4 f6 4. Bb2 e5 5. e3 Bxb4 6. exd4 e4 7. Ng1 Nh6 8. Qa4+ Nc6 9. d5 O-O 10. dxc6 Bc5 11. cxb7 Bxb7 12. Qb5 Bb6 13. c5 a6 14. Qb3+ Bd5 15. Bc4 c6 16. cxb6 Rb8 17. Bxd5+ cxd5 18. Bd4 Nf5 19. Bc5 Re8 20. Nc3 Kh8 21. g4 Nh4 22. Qxd5 Qc8 23. b7 Qxg4 24. Nge2 Nf3+ 25. Kd1 Qg2 26. Kc2 Qg6 27. Nf4 Qh6 28. Bd6 Rbd8 29. b8=Q Rxb8 30. Bxb8 Rxb8 31. Rab1 Rg8 32. Qxe4 Ne5 33. Rb7 Qh4 34. Ng6+ hxg6 35. Qxh4# 1-0


[Site "https://www.chess.com"]

[Event "Titled Tuesday Blitz June 20 Early 2023"]
[White "Saim, Mohamed Ilias"]
[Black "Floresvillar Gonzalez, Luis Migu"]
[WhiteFideId "7900465"]
[BlackFideId "5100542"]
[WhiteElo "2063"]
[BlackElo "2040"]
[Result "1-0"]
[Round "8"]
[TimeControl "180+2"]
[Date "2023.06.20"]
[WhiteClock "0:01:47"]
[BlackClock "0:00:00"]
[Board "169"]

1. d4 d5 2. Nf3 c6 3. c4 Bf5 4. Nc3 e6 5. Qb3 Qb6 6. c5 Qxb3 7. axb3 Be7 8. b4 Nd7 9. b5 Ngf6 10. e3 Ne4 11. bxc6 bxc6 12. Nxe4 Bxe4 13. Ba6 Bxf3 14. gxf3 e5 15. Bb7 Rb8 16. Rxa7 exd4 17. Bxc6 Rd8 18. b4 dxe3 19. Bxe3 f6 20. b5 O-O 21. Rxd7 Rxd7 22. Bxd7 Rd8 23. c6 Bd6 24. O-O Kf8 25. Rd1 Ke7 26. Rxd5 Bc7 27. b6 Bxb6 28. Bxb6 Rb8 29. Bc5+ Kf7 30. c7 Rb1+ 31. Kg2 1-0


[Site "https://www.chess.com"]

[Event "Titled Tuesday Blitz June 20 Early 2023"]
[White "Castillo Pena, Patricia Evarista"]
[Black "Winkels, Marcel"]
[WhiteFideId "6412106"]
[BlackFideId "1003887"]
[WhiteElo "1859"]
[BlackElo "1900"]
[Result "0-1"]
[Round "8"]
[TimeControl "180+2"]
[Date "2023.06.20"]
[WhiteClock "0:00:00"]
[BlackClock "0:00:22"]
[Board "170"]

1. d4 Nf6 2. Nf3 g6 3. Nc3 d5 4. Bf4 Bg7 5. e3 c6 6. Be2 Nbd7 7. h4 h5 8. Ne5 Nxe5 9. dxe5 Nh7 10. Qd3 Bf5 11. Qd2 O-O 12. O-O-O b5 13. e4 dxe4 14. Qe3 Qa5 15. Kb1 Be6 16. b3 b4 17. Nxe4 Bxe5 18. Bxe5 Qxe5 19. f4 Qg7 20. Nc5 Bf5 21. g4 hxg4 22. h5 Qc3 23. Qxc3 bxc3 24. hxg6 fxg6 25. Rhg1 Nf6 26. Rg3 Kg7 27. Rxc3 Rfd8 28. Rxd8 Rxd8 29. Rg3 Rd5 30. b4 a5 31. a3 axb4 32. axb4 Rd4 33. Nd3 Bxd3 34. Bxd3 Rxb4+ 35. Kc1 Rxf4 36. Kd2 e5 37. Ke3 Nd5+ 38. Kd2 Kf6 39. c4 Nb4 40. Be2 Kg5 41. Ke3 Nc2+ 42. Kd2 Nd4 43. Bd1 Nf3+ 44. Ke3 c5 45. Be2 Nd4 46. Bd1 Ne6 47. Be2 Rd4 0-1


[Site "https://www.chess.com"]

[Event "Titled Tuesday Blitz June 20 Early 2023"]
[White "Gyulamiryan-koryun"]
[Black "Maluco_do_Natal_00"]
[WhiteElo "1744"]
[BlackElo "2109"]
[Result "1-0"]
[Round "8"]
[TimeControl "180+2"]
[Date "2023.06.20"]
[WhiteClock "0:01:15"]
[BlackClock "0:00:00"]
[Board "171"]

1. d4 d5 2. c4 c6 3. Nf3 Nf6 4. Nc3 dxc4 5. g3 Nbd7 6. Bg2 e6 7. a4 Bb4 8. Qc2 O-O 9. O-O Rb8 10. Bf4 Ra8 11. e4 Qa5 12. Rfd1 Re8 13. Nd2 Nb6 14. Bc7 Qh5 15. Bxb6 axb6 16. Nxc4 Nd7 17. h4 h6 18. e5 Rd8 19. Ne4 Ba5 20. Ncd6 Bb4 21. b3 Bxd6 22. Nxd6 Ra7 23. Rac1 Ra8 24. Be4 c5 25. Kg2 cxd4 26. Nxc8 1-0


[Site "https://www.chess.com"]

[Event "Titled Tuesday Blitz June 20 Early 2023"]
[White "profedechess93"]
[Black "Zallio, Luciano de Souza"]
[BlackFideId "2109700"]
[WhiteElo "2556"]
[BlackElo "2057"]
[Result "1-0"]
[Round "8"]
[TimeControl "180+2"]
[Date "2023.06.20"]
[WhiteClock "0:01:23"]
[BlackClock "0:01:00"]
[Board "172"]

1. e4 e6 2. d4 d5 3. Nc3 Nf6 4. Bg5 Be7 5. e5 Nfd7 6. h4 c5 7. Bxe7 Qxe7 8. Nb5 Qd8 9. Nd6+ Kf8 10. Qh5 g6 11. Qh6+ Kg8 12. Nf3 f6 13. Bd3 f5 14. Ng5 Nc6 15. Ngf7 Qe7 16. h5 Nf8 17. Nxh8 Kxh8 18. hxg6 c4 19. Be2 Nxd4 20. c3 Nc6 21. Nf7+ Kg8 22. gxh7+ Kxf7 23. Bh5+ 1-0


[Site "https://www.chess.com"]

[Event "Titled Tuesday Blitz June 20 Early 2023"]
[White "Sanudula, K M Dahamdi"]
[Black "Vafin, Ayrat"]
[WhiteFideId "9932470"]
[BlackFideId "4146530"]
[WhiteElo "1501"]
[BlackElo "2317"]
[Result "0-1"]
[Round "8"]
[TimeControl "180+2"]
[Date "2023.06.20"]
[WhiteClock "0:00:01"]
[BlackClock "0:00:19"]
[Board "173"]

1. d4 d5 2. e3 Nf6 3. Bd3 Bg4 4. f3 Bh5 5. Nd2 e6 6. c3 Bd6 7. Qb3 b6 8. f4 O-O 9. Ngf3 c5 10. Qd1 cxd4 11. cxd4 Nc6 12. O-O Nb4 13. Bb1 Rc8 14. a3 Nc6 15. Qe1 Bxf3 16. Nxf3 Na5 17. Bd3 Ne4 18. Ne5 Nb3 19. Bd2 Nexd2 20. Rf2 Nxa1 21. Qxd2 Nb3 22. Qd1 Rc1 23. Qxc1 Nxc1 24. h3 Bxe5 25. Kh2 Nxd3 26. fxe5 Nxf2 27. Kg3 Ne4+ 28. Kh2 Qh4 29. g3 Qxg3+ 30. Kh1 Nf2# 0-1


[Site "https://www.chess.com"]

[Event "Titled Tuesday Blitz June 20 Early 2023"]
[White "Politov, Pavel Y."]
[Black "Osinovsky, Stepan"]
[WhiteFideId "24110515"]
[BlackFideId "4157354"]
[WhiteElo "2066"]
[BlackElo "2222"]
[Result "1-0"]
[Round "8"]
[TimeControl "180+2"]
[Date "2023.06.20"]
[WhiteClock "0:00:11"]
[BlackClock "0:00:00"]
[Board "174"]

1. e4 e5 2. Nf3 Nc6 3. Bc4 Nf6 4. d3 Be7 5. O-O d6 6. c3 h6 7. Nbd2 g5 8. Nb1 g4 9. Nfd2 h5 10. Qb3 Na5 11. Bxf7+ Kf8 12. Qa4 c6 13. Bg6 b5 14. Qd1 Nb7 15. Bf5 Nc5 16. Bxc8 Rxc8 17. Qe2 Ne6 18. Nb3 Kg7 19. f4 exf4 20. Bxf4 Rf8 21. Be3 Qd7 22. N1d2 Nh7 23. d4 d5 24. e5 Neg5 25. Bxg5 Nxg5 26. Qe3 h4 27. Rf4 Rxf4 28. Qxf4 Rf8 29. Qe3 1-0


[Site "https://www.chess.com"]

[Event "Titled Tuesday Blitz June 20 Early 2023"]
[White "Calderin Gonzalez, Roberto"]
[Black "Rodrigues Mota, Romulo Cardoso S"]
[WhiteFideId "5102979"]
[BlackFideId "2187442"]
[WhiteElo "2145"]
[BlackElo "2001"]
[Result "0-1"]
[Round "8"]
[TimeControl "180+2"]
[Date "2023.06.20"]
[WhiteClock "0:00:53"]
[BlackClock "0:00:30"]
[Board "175"]

1. e4 c5 2. Nc3 g6 3. g3 Nc6 4. Bg2 Bg7 5. Nge2 e5 6. O-O Nge7 7. d3 O-O 8. h3 d6 9. f4 f5 10. g4 fxg4 11. fxe5 gxh3 12. exd6 hxg2 13. Rxf8+ Qxf8 14. dxe7 Qxe7 15. Qe1 Ne5 16. Qf2 Bh3 17. Nd5 Qd7 18. Nef4 Rf8 19. Qg3 Bg4 20. Qxg2 g5 21. Ne2 Bf3 22. Qg3 Bxe2 23. Bxg5 Nf3+ 24. Kh1 Nxg5 25. Qxg5 Qh3+ 26. Kg1 h6 27. Ne7+ Kh7 28. Qg6+ Kh8 29. Qd6 Qg4+ 30. Kh1 Bf3+ 31. Kh2 Qg2# 0-1


[Site "https://www.chess.com"]

[Event "Titled Tuesday Blitz June 20 Early 2023"]
[White "Porat, Tori"]
[Black "Ouellet, Maili-Jade"]
[WhiteFideId "30982626"]
[BlackFideId "2620472"]
[WhiteElo "1752"]
[BlackElo "2077"]
[Result "0-1"]
[Round "8"]
[TimeControl "180+2"]
[Date "2023.06.20"]
[WhiteClock "0:00:00"]
[BlackClock "0:00:10"]
[Board "176"]

1. d4 Nf6 2. c4 g6 3. Nc3 d5 4. cxd5 Nxd5 5. e4 Nxc3 6. bxc3 Bg7 7. Bc4 c5 8. Ne2 O-O 9. O-O Nc6 10. Be3 Qc7 11. Rc1 Rd8 12. d5 Ne5 13. Bd3 c4 14. Bc2 e6 15. Bf4 exd5 16. exd5 Bg4 17. f3 Bd7 18. Nd4 Qc5 19. Re1 Re8 20. Kh1 Rad8 21. Be3 Qxd5 22. Qe2 b5 23. Be4 Qd6 24. Rcd1 Qc7 25. Qb2 a6 26. Bf4 Qc8 27. h3 Nc6 28. Nxc6 Bxc6 29. Rxd8 Rxd8 30. Bxc6 Qxc6 31. Qc2 Rd3 32. Be5 Qe6 33. Bg3 Qd7 34. Re4 h5 35. Qe2 Kh7 36. Re7 Qd5 37. Rxf7 Qxf7 38. Qe4 Qd5 39. Qe7 Rxc3 40. Kh2 Rc2 41. Qe3 Qd2 42. Qg1 Bd4 43. Qf1 Rc1 0-1


[Site "https://www.chess.com"]

[Event "Titled Tuesday Blitz June 20 Early 2023"]
[White "Vargas, Mauricio"]
[Black "Slovineanu, Viacheslav"]
[WhiteFideId "4404572"]
[BlackFideId "13900510"]
[WhiteElo "1986"]
[BlackElo "2312"]
[Result "0-1"]
[Round "8"]
[TimeControl "180+2"]
[Date "2023.06.20"]
[WhiteClock "0:00:45"]
[BlackClock "0:01:52"]
[Board "177"]

1. e4 e5 2. Nf3 f5 3. exf5 e4 4. Ng1 Nf6 5. Nc3 d5 6. d4 Bxf5 7. f3 Bb4 8. fxe4 Nxe4 9. Qe2 O-O 10. Bd2 Nxc3 11. bxc3 Re8 12. cxb4 Rxe2+ 13. Bxe2 Qh4+ 14. g3 Qxd4 15. O-O-O Qa1# 0-1


[Site "https://www.chess.com"]

[Event "Titled Tuesday Blitz June 20 Early 2023"]
[White "Lohani, Sujana"]
[Black "Modric, Nesa"]
[WhiteFideId "12311987"]
[BlackFideId "922579"]
[WhiteElo "1718"]
[BlackElo "2167"]
[Result "0-1"]
[Round "8"]
[TimeControl "180+2"]
[Date "2023.06.20"]
[WhiteClock "0:00:00"]
[BlackClock "0:00:24"]
[Board "178"]

1. d4 Nf6 2. Nf3 e6 3. c4 d5 4. cxd5 exd5 5. Nc3 c6 6. Bg5 Be7 7. e3 h6 8. Bh4 O-O 9. Bd3 Re8 10. O-O Nbd7 11. Rc1 Ne4 12. Nxe4 dxe4 13. Bxe4 Bxh4 14. Bb1 Be7 15. Qc2 Nf6 16. Rfd1 Bg4 17. Qe2 Qb6 18. Rd2 Bb4 19. Rdc2 Rad8 20. h3 Bf5 21. Rc4 Bxb1 22. Rxb1 Bf8 23. Ne5 Nd7 24. Nd3 Nf6 25. Qg4 Qc7 26. Qf3 Ne4 27. Ne5 Nd2 28. Qd1 Rxe5 29. Qxd2 Re6 30. Qc2 Qd7 31. Rd1 Rg6 32. Qe4 Re8 33. Qf3 Qd5 0-1


[Site "https://www.chess.com"]

[Event "Titled Tuesday Blitz June 20 Early 2023"]
[White "Freile Martin, Javier"]
[Black "Dzhaparov, Medet"]
[WhiteFideId "3600165"]
[BlackFideId "13803689"]
[WhiteElo "2320"]
[BlackElo "1690"]
[Result "1-0"]
[Round "8"]
[TimeControl "180+2"]
[Date "2023.06.20"]
[WhiteClock "0:01:37"]
[BlackClock "0:00:08"]
[Board "179"]

1. c4 e5 2. Nc3 Nf6 3. Nf3 Nc6 4. a3 d5 5. cxd5 Nxd5 6. e4 Nxc3 7. bxc3 Be7 8. h3 O-O 9. Bb5 Bf6 10. O-O a6 11. Ba4 b5 12. Bb3 Na5 13. Ba2 Bb7 14. Re1 Qd7 15. d4 exd4 16. cxd4 Be7 17. Ne5 Qe8 18. Qc2 c6 19. Bd2 Qd8 20. Qc3 Nc4 21. Nxc4 bxc4 22. Bxc4 c5 23. d5 Bf6 24. e5 Bg5 25. f4 Bh4 26. d6 Bxe1 27. Rxe1 Qc8 28. Qg3 Kh8 29. Bc3 Qf5 30. e6 f6 31. e7 Rfb8 32. Be6 Qg6 33. d7 Bc6 34. Qxg6 hxg6 35. Ba5 Ra7 36. d8=Q+ 1-0


[Site "https://www.chess.com"]

[Event "Titled Tuesday Blitz June 20 Early 2023"]
[White "zano2023"]
[Black "Paiva, Henrique M A Albergaria"]
[BlackFideId "1920995"]
[WhiteElo "2153"]
[BlackElo "2007"]
[Result "1-0"]
[Round "8"]
[TimeControl "180+2"]
[Date "2023.06.20"]
[WhiteClock "0:00:58"]
[BlackClock "0:00:00"]
[Board "180"]

1. d4 d5 2. Nf3 c6 3. Nbd2 Nf6 4. e3 Bf5 5. c4 e6 6. Qb3 Qc7 7. Bd3 Bg6 8. O-O Nbd7 9. Re1 Be7 10. h3 O-O 11. Qc2 Rac8 12. b3 e5 13. Nxe5 Nxe5 14. dxe5 Qxe5 15. Rb1 Bd6 16. Nf3 Qh5 17. Bb2 Ne4 18. a3 Rfe8 19. b4 Rcd8 20. c5 Bb8 21. Bd4 Ng5 22. Nxg5 Qxg5 23. a4 Be4 24. Bxe4 dxe4 25. Rbd1 Qe7 26. Qc3 Qc7 27. g3 f6 28. b5 Qc8 29. Kh2 Qf5 30. Rd2 h5 31. h4 Qg4 32. bxc6 bxc6 33. Qc4+ Kh8 34. Bc3 Qxh4+ 35. Kg2 Qg4 36. Red1 h4 37. Rh1 g5 38. Qe2 Kg8 39. Qxg4 hxg3 40. fxg3 Rxd2+ 41. Bxd2 1-0


[Site "https://www.chess.com"]

[Event "Titled Tuesday Blitz June 20 Early 2023"]
[White "Milovic, Aleksandra"]
[Black "campochess"]
[WhiteFideId "933988"]
[WhiteElo "2000"]
[BlackElo "2164"]
[Result "0-1"]
[Round "8"]
[TimeControl "180+2"]
[Date "2023.06.20"]
[WhiteClock "0:00:00"]
[BlackClock "0:00:57"]
[Board "181"]

1. e4 d6 2. d4 Nf6 3. Nc3 c6 4. Be3 g6 5. f3 Bg7 6. Qd2 h5 7. O-O-O b5 8. e5 dxe5 9. dxe5 Qxd2+ 10. Rxd2 Nfd7 11. f4 Nb6 12. Nf3 O-O 13. Be2 Be6 14. Kb1 Nc4 15. Bxc4 Bxc4 16. Rhd1 Na6 17. b3 Be6 18. Ne4 Nb4 19. Nc5 Bg4 20. h3 Bxf3 21. gxf3 Nd5 22. Rd3 Bh6 23. e6 Nxf4 24. Bxf4 Bxf4 25. exf7+ Kxf7 26. Ne4 a5 27. Rc3 Ra6 28. Nc5 Ra7 29. Rcd3 a4 30. Rd4 Bg5 31. h4 Be3 32. Re4 Bxc5 33. Rf4+ Kg7 34. b4 Rxf4 35. bxc5 Rxh4 36. Re1 Rc4 37. Re5 a3 38. Kc1 Rd7 0-1


[Site "https://www.chess.com"]

[Event "Titled Tuesday Blitz June 20 Early 2023"]
[White "Kamsky, Gata"]
[Black "Vachier-Lagrave, Maxime"]
[WhiteFideId "2000024"]
[BlackFideId "623539"]
[WhiteElo "2660"]
[BlackElo "2739"]
[Result "1/2-1/2"]
[Round "9"]
[TimeControl "180+2"]
[Date "2023.06.20"]
[WhiteClock "0:00:46"]
[BlackClock "0:00:48"]
[Board "1"]

1. d4 Nf6 2. Nf3 g6 3. Bf4 Bg7 4. c3 O-O 5. Nbd2 d5 6. h3 Nbd7 7. e3 c5 8. Be2 Qb6 9. Qb3 Re8 10. O-O e6 11. a4 Qxb3 12. Nxb3 c4 13. Nbd2 b6 14. b3 cxb3 15. Nxb3 Bb7 16. a5 Rec8 17. Rfc1 Bf8 18. Nfd2 Ne8 19. c4 dxc4 20. Bxc4 Bd6 21. Bb5 Rxc1+ 22. Rxc1 Bxf4 23. Bxd7 Bd6 24. Bc6 Bxc6 25. Rxc6 bxa5 26. Nxa5 Rb8 27. g4 Bb4 28. Ndc4 Nf6 29. Ra6 Bxa5 30. Rxa5 Rb7 31. Kg2 h6 32. Kf3 Kg7 33. Nd6 Rd7 34. Nc8 Rc7 35. Nxa7 Nd5 36. Nb5 Rc6 37. e4 Nb4 38. Ra7 g5 39. e5 Nd5 40. Nd6 Rc3+ 41. Ke2 Nf4+ 42. Ke1 Rxh3 43. Rxf7+ Kg8 44. Rf6 Rd3 45. Rxh6 Rxd4 46. f3 Rd5 47. Ne4 Rxe5 48. Kf2 Kg7 1/2-1/2


[Site "https://www.chess.com"]

[Event "Titled Tuesday Blitz June 20 Early 2023"]
[White "Carlsen, Magnus"]
[Black "Oparin, Grigoriy"]
[WhiteFideId "1503014"]
[BlackFideId "24125890"]
[WhiteElo "2858"]
[BlackElo "2647"]
[Result "0-1"]
[Round "9"]
[TimeControl "180+2"]
[Date "2023.06.20"]
[WhiteClock "0:00:06"]
[BlackClock "0:00:06"]
[Board "2"]

1. d4 Nf6 2. Bf4 d5 3. e3 e6 4. Nf3 c5 5. c3 Nc6 6. Nbd2 cxd4 7. exd4 Nh5 8. Be3 Bd6 9. Ne5 g6 10. g4 Ng7 11. h4 Nxe5 12. dxe5 Bxe5 13. Nf3 Bf6 14. h5 O-O 15. h6 Ne8 16. g5 Bh8 17. Bd4 f6 18. Qd2 Nd6 19. O-O-O Ne4 20. Qe3 e5 21. Bxe5 fxe5 22. Bc4 Be6 23. Qxe4 Rf4 24. Rxd5 Rxe4 25. Rxd8+ Rxd8 26. Bxe6+ Kf8 27. Bb3 Rf4 28. Nd2 Rg4 29. Rh3 Rxg5 30. Ne4 Rf5 31. Kc2 Ke7 32. Bc4 Bf6 33. a4 b6 34. a5 Bg5 35. a6 Bf4 36. Be2 Rff8 37. Bg4 Rd5 38. b4 Rfd8 39. Rh1 b5 40. Be2 Rc8 41. Kb3 Rc6 42. Nc5 Rb6 43. Bd3 e4 44. Bxe4 Rh5 45. Re1 Kd8 46. Rd1+ Bd6 47. Ne6+ Ke7 48. Nd4 Rxh6 49. Bb7 Kd7 50. f4 Kc7 51. f5 gxf5 52. Nxf5 Rf6 53. Nd4 h5 54. Rg1 Be7 55. Rg7 Kd7 56. Rh7 Rh6 57. Rf7 Rbf6 58. Rg7 h4 59. Bg2 h3 60. Be4 h2 61. Bh1 Rf1 62. Bb7 h1=Q 63. Bxh1 Rhxh1 64. Nxb5 Rb1+ 65. Kc4 Rh4+ 66. Nd4 Ke8 67. Rg8+ Kf7 68. Ra8 Bf6 69. Rxa7+ Kg6 70. b5 Bxd4 71. cxd4 Rc1+ 72. Kd5 Rh5+ 73. Ke6 Rxb5 74. d5 Rb6+ 75. d6 Re1+ 76. Kd7 Rd1 77. Kc7 Rdxd6 78. Ra8 Rxa6 0-1


[Site "https://www.chess.com"]

[Event "Titled Tuesday Blitz June 20 Early 2023"]
[White "Martinez Alcantara, Jose Eduardo"]
[Black "Gurel, Ediz"]
[WhiteFideId "3805662"]
[BlackFideId "44507356"]
[WhiteElo "2711"]
[BlackElo "2352"]
[Result "1-0"]
[Round "9"]
[TimeControl "180+2"]
[Date "2023.06.20"]
[WhiteClock "0:00:05"]
[BlackClock "0:00:02"]
[Board "3"]

1. e4 c5 2. Nf3 Nc6 3. c3 Nf6 4. Bd3 e5 5. Bc2 d6 6. h3 Be7 7. d3 O-O 8. Bg5 h6 9. Bxf6 Bxf6 10. Nbd2 Be6 11. Bb3 Ne7 12. Bxe6 fxe6 13. O-O b5 14. a4 a6 15. axb5 axb5 16. Rxa8 Qxa8 17. Qb3 Kf7 18. Rd1 Rb8 19. Qc2 Qa4 20. Qxa4 bxa4 21. Ra1 d5 22. Ra2 Nc6 23. h4 h5 24. Kf1 d4 25. Nc4 dxc3 26. bxc3 Rb3 27. Rc2 Rb1+ 28. Ke2 Ra1 29. Rb2 a3 30. Rb3 a2 31. Ra3 Kg8 32. g3 Kh7 33. Ne3 Nb4 34. Nd2 Rb1 35. cxb4 a1=Q 36. Rxa1 Rxa1 37. bxc5 Be7 38. c6 Ra6 39. Nec4 Rxc6 40. Nf3 Ra6 41. Ncxe5 Ra2+ 42. Kf1 Bf6 43. Nc4 Be7 44. Ne3 Ra3 45. d4 Ra2 46. Kg2 Ra4 47. Kf1 Ra1+ 48. Ke2 Ra2+ 49. Kf1 Ra4 50. e5 Bd8 51. d5 exd5 52. Nxd5 Kg6 53. Nf4+ Kh6 54. Kg2 Re4 55. Ne6 Bb6 56. Nf4 Bc7 57. Ng5 Rxf4 58. gxf4 Kg6 59. Ne6 Kf5 60. Nxc7 1-0


[Site "https://www.chess.com"]

[Event "Titled Tuesday Blitz June 20 Early 2023"]
[White "Andreikin, Dmitry"]
[Black "Grischuk, Alexander"]
[WhiteFideId "4158814"]
[BlackFideId "4126025"]
[WhiteElo "2736"]
[BlackElo "2721"]
[Result "1/2-1/2"]
[Round "9"]
[TimeControl "180+2"]
[Date "2023.06.20"]
[WhiteClock "0:01:24"]
[BlackClock "0:02:59"]
[Board "4"]

1. e4 e6 2. d4 d5 3. Nc3 Nf6 4. e5 Nfd7 5. f4 c5 6. Nf3 Nc6 7. Be3 cxd4 8. Nxd4 Qb6 9. Qd2 Qxb2 10. Rb1 Qa3 11. Bb5 Nxd4 12. Bxd4 a6 13. Bxd7+ Bxd7 14. Rb3 Qe7 15. Rxb7 Qh4+ 16. g3 Qd8 17. Bb6 Qc8 18. Rc7 Qd8 19. Rb7 Qc8 20. Rc7 Qd8 21. Rb7 1/2-1/2


[Site "https://www.chess.com"]

[Event "Titled Tuesday Blitz June 20 Early 2023"]
[White "Lagarde, Maxime"]
[Black "Pranav, V"]
[WhiteFideId "662399"]
[BlackFideId "25060783"]
[WhiteElo "2571"]
[BlackElo "2533"]
[Result "0-1"]
[Round "9"]
[TimeControl "180+2"]
[Date "2023.06.20"]
[WhiteClock "0:00:12"]
[BlackClock "0:00:15"]
[Board "5"]

1. d4 Nf6 2. Nf3 e6 3. Bg5 h6 4. Bxf6 Qxf6 5. e4 d6 6. Nc3 Nd7 7. h4 Qd8 8. Qd2 a6 9. O-O-O b5 10. Bd3 Bb7 11. Kb1 Be7 12. Qf4 c5 13. e5 c4 14. Be2 d5 15. Rdg1 Qa5 16. g4 b4 17. Nd1 b3 18. cxb3 cxb3 19. axb3 g6 20. Qd2 Qb6 21. Ne3 Qxb3 22. Rc1 Qb6 23. Qd3 Bc6 24. Rc3 Bb4 25. Rb3 Ba4 26. Rc1 Bxb3 27. Qxb3 Rb8 28. Rc2 O-O 29. Bd3 Qa5 30. Qa2 Qxa2+ 31. Kxa2 Rfc8 32. Kb1 a5 33. h5 Kg7 34. hxg6 fxg6 35. Nh4 Nf8 36. f4 Rxc2 37. Kxc2 Rc8+ 38. Kd1 Be7 39. Nf3 a4 40. f5 a3 41. f6+ Kf7 42. bxa3 Bxa3 43. Ng2 g5 44. Ne3 Bc1 45. Nc2 Bf4 46. Nb4 Rc3 47. Ke2 Rb3 48. Nc6 Rb2+ 49. Kd1 Ke8 50. Ne1 Rd2+ 0-1


[Site "https://www.chess.com"]

[Event "Titled Tuesday Blitz June 20 Early 2023"]
[White "Makhnev, Denis"]
[Black "Kollars, Dmitrij"]
[WhiteFideId "13707647"]
[BlackFideId "12909572"]
[WhiteElo "2515"]
[BlackElo "2584"]
[Result "0-1"]
[Round "9"]
[TimeControl "180+2"]
[Date "2023.06.20"]
[WhiteClock "0:00:00"]
[BlackClock "0:00:09"]
[Board "6"]

1. d4 Nf6 2. c4 e6 3. Nf3 d5 4. g3 Bb4+ 5. Bd2 a5 6. Bg2 O-O 7. Qc2 c5 8. dxc5 d4 9. Bxb4 axb4 10. Ne5 Qc7 11. Nd3 Nc6 12. Nd2 e5 13. O-O Bf5 14. Qb3 Nd7 15. Ne4 Kh8 16. Rfe1 Bg6 17. Nxb4 Bxe4 18. Bxe4 Nxc5 19. Nd5 Qd6 20. Qc2 Rae8 21. Bg2 f5 22. b4 Ne6 23. c5 Qd8 24. a3 e4 25. Nb6 Ne5 26. Rad1 Qg5 27. Nc4 Nxc4 28. Qxc4 h5 29. Qd5 h4 30. a4 hxg3 31. hxg3 Rf6 32. Qd7 Ref8 33. Qxb7 Rg6 34. Qd5 e3 35. Qf3 f4 36. g4 Qf6 37. Qh3+ Rh6 38. Qf3 Ng5 39. Qd5 f3 40. exf3 Qf4 41. Qxd4 Nxf3+ 42. Bxf3 Qh2+ 0-1


[Site "https://www.chess.com"]

[Event "Titled Tuesday Blitz June 20 Early 2023"]
[White "Eljanov, Pavel"]
[Black "Kramnik, Vladimir"]
[WhiteFideId "14102951"]
[BlackFideId "4101588"]
[WhiteElo "2598"]
[BlackElo "2703"]
[Result "0-1"]
[Round "9"]
[TimeControl "180+2"]
[Date "2023.06.20"]
[WhiteClock "0:00:31"]
[BlackClock "0:00:14"]
[Board "7"]

1. d4 Nf6 2. c4 e6 3. Nc3 d5 4. cxd5 exd5 5. Bg5 c6 6. e3 h6 7. Bh4 Be7 8. Bd3 O-O 9. h3 Re8 10. Bg3 Nbd7 11. Nf3 Nb6 12. O-O a5 13. Qc2 a4 14. a3 Be6 15. Rae1 Nc4 16. Ne5 Qa5 17. f4 Nd6 18. f5 Bc8 19. Bf4 c5 20. g4 cxd4 21. exd4 Qb6 22. Qf2 Bf8 23. Kh2 Nde4 24. Bxe4 dxe4 25. Nxe4 Nxe4 26. Rxe4 Qb5 27. f6 g5 28. Bxg5 hxg5 29. Qe3 Bh6 30. Nxf7 Kxf7 31. Rxe8 Qxe8 0-1


[Site "https://www.chess.com"]

[Event "Titled Tuesday Blitz June 20 Early 2023"]
[White "Drozdowski, Kacper"]
[Black "Paravyan, David"]
[WhiteFideId "1136720"]
[BlackFideId "4194985"]
[WhiteElo "2497"]
[BlackElo "2563"]
[Result "0-1"]
[Round "9"]
[TimeControl "180+2"]
[Date "2023.06.20"]
[WhiteClock "0:00:01"]
[BlackClock "0:00:40"]
[Board "8"]

1. e4 e5 2. Nf3 Nf6 3. Nxe5 d6 4. Nf3 Nxe4 5. d4 d5 6. Bd3 Bd6 7. O-O O-O 8. c4 c6 9. Nc3 Nxc3 10. bxc3 dxc4 11. Bxc4 Bg4 12. h3 Bh5 13. Re1 Nd7 14. Bd3 Re8 15. Rxe8+ Qxe8 16. Bd2 Nf6 17. Rb1 b5 18. Qe1 Bxf3 19. Qxe8+ Rxe8 20. gxf3 g6 21. c4 bxc4 22. Bxc4 Re7 23. Kf1 Kg7 24. Bd3 Rd7 25. Rc1 Bc7 26. Rxc6 Bb6 27. Ke2 Bxd4 28. Bc4 Bxf2 29. Bh6+ Kxh6 30. Rxf6 Kg7 31. Rxf7+ Rxf7 32. Bxf7 Kxf7 33. Kxf2 Kf6 34. f4 Ke6 35. Ke3 Kd5 36. Kd3 a5 37. a4 h6 38. Kc3 Kc5 39. h4 h5 40. Kd3 Kb4 41. Kd4 Kxa4 42. Kc4 Ka3 43. Kc3 a4 44. Kc2 Kb4 45. Kb2 Kc4 0-1


[Site "https://www.chess.com"]

[Event "Titled Tuesday Blitz June 20 Early 2023"]
[White "Hakobyan, Aram"]
[Black "Chigaev, Maksim"]
[WhiteFideId "13306677"]
[BlackFideId "4108116"]
[WhiteElo "2584"]
[BlackElo "2561"]
[Result "1-0"]
[Round "9"]
[TimeControl "180+2"]
[Date "2023.06.20"]
[WhiteClock "0:00:05"]
[BlackClock "0:00:01"]
[Board "9"]

1. e4 e6 2. d4 d5 3. exd5 exd5 4. Nf3 Nc6 5. Bd3 Bd6 6. O-O Nge7 7. Nc3 O-O 8. Nb5 Bf5 9. Re1 a6 10. Nxd6 Qxd6 11. c3 f6 12. Bxf5 Nxf5 13. Qb3 Na5 14. Qc2 Qd7 15. Bf4 Rac8 16. Re2 g5 17. Bg3 h5 18. h4 g4 19. Nd2 Qh7 20. Rae1 Nxg3 21. Qxh7+ Kxh7 22. fxg3 Kg6 23. b4 Nc6 24. Nb3 b6 25. Nc1 Na7 26. Nd3 Nb5 27. Nf4+ Kh6 28. Re3 c6 29. Re6 Nxc3 30. R1e5 Nb5 31. Rxh5+ Kg7 32. Re7+ Rf7 33. Rh7+ Kxh7 34. Rxf7+ Kg8 35. Rxf6 Nxd4 36. h5 Kh7 37. Kf2 a5 38. bxa5 bxa5 39. Ke3 Nc2+ 40. Kd2 Na3 41. Ne6 Rg8 42. h6 a4 43. Nf8+ Kh8 44. Ng6+ Kh7 45. Nf8+ Kh8 46. Rf7 Nc4+ 47. Kc3 Rg5 48. Ne6 Rg6 49. Nd4 Rxh6 50. Rc7 Ne5 51. Rc8+ Kg7 52. Nf5+ Kg6 53. Nxh6 Kxh6 54. Kd4 Nd7 55. Rxc6+ 1-0


[Site "https://www.chess.com"]

[Event "Titled Tuesday Blitz June 20 Early 2023"]
[White "Bacrot, Etienne"]
[Black "Nakamura, Hikaru"]
[WhiteFideId "605506"]
[BlackFideId "2016192"]
[WhiteElo "2672"]
[BlackElo "2874"]
[Result "0-1"]
[Round "9"]
[TimeControl "180+2"]
[Date "2023.06.20"]
[WhiteClock "0:00:00"]
[BlackClock "0:00:14"]
[Board "10"]

1. e4 c5 2. Nf3 Nc6 3. Bb5 g6 4. O-O Bg7 5. Re1 e5 6. b4 cxb4 7. a3 Nge7 8. axb4 O-O 9. Ba3 d6 10. Bc4 Bg4 11. h3 Bxf3 12. Qxf3 Kh8 13. c3 f5 14. b5 fxe4 15. Qxe4 Na5 16. Ba2 Rf4 17. Qe2 Nf5 18. Bb4 b6 19. Bd5 Rc8 20. g3 Qg5 21. Bxa5 Nxg3 22. fxg3 Qxg3+ 23. Bg2 bxa5 24. Qe3 Qh4 25. Rxa5 Bh6 26. Qe2 Rcf8 27. Rd1 Qg3 28. Rxa7 Rf2 29. Qe4 R8f3 30. Ra8+ Kg7 31. Ra7+ Kf6 32. Qxf3+ Rxf3 33. Rf1 Rxf1+ 34. Kxf1 Qd3+ 35. Kf2 Qxb1 36. Bd5 Bxd2 37. h4 Be3+ 38. Kxe3 Qg1+ 39. Ke4 Qxa7 40. b6 Qxb6 0-1


[Site "https://www.chess.com"]